 Dungeon Crawl Stone Soup version 0.30-a0-591-g3c58d2bc28 (webtiles) character file.

Game seed: 3757901112960548080

844 Dirtsage the Changer (level 8, -16/48 HPs)
             Began as an Octopode Transmuter on Jan 4, 2023.
             Was an Initiate of the Shining One.
             Demolished by an ogre
             ... wielding a +0 giant club
              (30 damage)
             ... on level 6 of the Dungeon.
             The game lasted 00:08:12 (3644 turns).

Dirtsage the Changer (Octopode Transmuter)          Turns: 3644, Time: 00:08:13

Health: -16/48     AC:  1    Str:  8 (9)  XL:     8   Next: 0%
Magic:  4/11       EV: 13    Int: 16 (17) God:    the Shining One [......]
Gold:   241        SH:  0    Dex: 13      Spells: 4/11 levels left

rFire   . . .      SeeInvis .      - Unarmed
rCold   . . .      Faith    .    (no shield)
rNeg    . . .      Spirit   .    (helmet restricted)
rPois   .          Reflect  .    c - amulet of regeneration
rElec   .          Harm     .    (no ring)
rCorr   .          Rampage  .    (no ring)
Will    .....                    (no ring)
Stlth   +                        (no ring)
HPRegen 1.08/turn                (no ring)
MPRegen 0.12/turn                (no ring)
                                 (no ring)
                                 (no ring)

@: slightly contaminated, glowing
A: almost no armour, amphibious, 8 rings, camouflage 1, gelatinous body 1,
(nimble swimmer 1), tentacles
a: Renounce Religion


You were on level 6 of the Dungeon.
You worshipped the Shining One.
The Shining One was noncommittal.
You visited 2 branches of the dungeon, and saw 7 of its levels.

You collected 241 gold pieces.

Inventory:

Magical Staves
 g - a staff of air
Jewellery
 c - an amulet of regeneration (around mantle)
 f - an amulet of the acrobat
Scrolls
 e - 2 scrolls of enchant armour {unknown}
 h - a scroll of immolation {unknown}
 j - a scroll of poison {unknown}
 k - 2 scrolls of blinking {unknown}
 l - a scroll of amnesia {unknown}
 m - 5 scrolls of teleportation {unknown}
 p - a scroll of enchant weapon {unknown}
 q - a scroll of vulnerability {unknown}
 r - 3 scrolls of fear {unknown}
 s - 5 scrolls of identify {unknown}
 t - 3 scrolls of fog {unknown}
Potions
 a - a potion of lignification
 b - a potion of attraction
 d - 3 potions of degeneration
 i - 2 potions of heal wounds {unknown}
 n - 3 potions of berserk rage {unknown}
 o - a potion of mutation {unknown}
 u - 3 potions of brilliance {unknown}
 v - a potion of magic {unknown}
 w - 2 potions of curing {unknown}
 x - a potion of ambrosia {unknown}
 z - a potion of haste {unknown}


   Skills:
 - Level 1.0 Fighting
 - Level 2.0 Dodging
 - Level 3.0 Unarmed Combat
 - Level 2.0 Spellcasting
 * Level 6.4 Transmutations
 * Level 6.0 Ice Magic


You had 4 spell levels left.
You knew the following spells:

 Your Spells              Type           Power      Damage    Failure   Level
a - Beastly Appendage     Tmut           44%        N/A       1%          1
b - Wereblood             Tmut           22%        N/A       2%          2
c - Ice Form              Ice/Tmut       21%        N/A       16%         4

Your spell library contained the following spells:

 Spells                   Type           Power      Damage    Failure   Level
 Spider Form              Tmut/Pois      11%        N/A       17%         3


Dungeon Overview and Level Annotations

Branches:
Dungeon (5/15)             Temple (1/1) D:5

Altars:
Ashenzari
Dithmenos
Elyvilon
Fedhas
Hepliaklqana
Kikubaaqudgha
Nemelex Xobeh
Okawaru
Qazlal
Ru
Sif Muna
Uskayaw
Vehumet
Xom
Yredelemnul
Zin
The Shining One

Shops:
D:2 [(?

Annotations:
D:5 2 runed translucent doors, Dirtsage's ghost, weakling DsDe


Innate Abilities, Weirdness & Mutations

You cannot wear most types of armour.
You are amphibious.
You can wear up to eight rings at the same time.
Your skin changes colour to match your surroundings (Stealth+).
Your rubbery body absorbs attacks. (AC +1, EV +1)
((You are camouflaged when in or above water. (Stealth+)))
You have tentacles for arms and can constrict up to eight enemies at once.


Message History

The ogre shouts!
Casting: Ice Form (quite dangerous; 16% risk of failure)
Confirm with . or Enter, or press ? or * to list all spells.
The spell is quite dangerous to miscast (16% risk of failure)!
Continue anyway?
You miscast Ice Form.
You are very lightly contaminated with residual magic.
A chill runs through your body.
You take 4 damage, and have 44/48 hp.
You now have 7/11 mp.
Casting: Ice Form (quite dangerous; 16% risk of failure)
Confirm with . or Enter, or press ? or * to list all spells.
The spell is quite dangerous to miscast (16% risk of failure)!
Continue anyway?
You miscast Ice Form.
You feel very strange.
You are lightly contaminated with residual magic.
You now have 3/11 mp.
You tentacle-slap the ogre but do no damage.
You tentacle-slap the ogre.
The ogre is lightly wounded.
The ogre hits you with a +0 giant club!!
Ouch! That really hurt!
You take 28 damage, and have 18/48 hp.
MASSIVE DAMAGE!!
You tentacle-slap the ogre. Your squeeze misses the ogre.
The ogre is moderately wounded.
The ogre barely misses you.
You closely miss the ogre.
The ogre is moderately wounded.
You tentacle-slap the ogre.
The ogre is heavily wounded.
The ogre hits you with a +0 giant club!
* * * LOW HITPOINT WARNING * * *
You take 9 damage, and have 11/48 hp.
You tentacle-slap the ogre.
The ogre is heavily wounded.
The ogre barely misses you.
You tentacle-slap the ogre.
The ogre is heavily wounded.
You tentacle-slap the ogre.
The ogre is severely wounded.
The ogre hits you with a +0 giant club!!
Ouch! That really hurt!
You die...

#. #. #.##
###...
...O. ...
#.#.#####
#...O@..#
#.#.###.#
#. #.# ###
#.
#.###)...#
#.
#.........
..
#####.##.#
.. ##


You could see an ogre.

Vanquished Creatures
  An ogre (D:4)
  A necrophage (D:4)
  A scorpion (D:5)
  A howler monkey (D:4)
  5 hounds
  An orc priest (D:4)
  Crazy Yiuf (D:3)
  2 jellies (D:4)
  3 iguanas (D:4)
  4 orc wizards (D:4)
  9 adders
  A dart slug (D:1)
  9 orcs
  7 ball pythons
  5 bats
  6 endoplasms
  2 giant cockroaches
  6 goblins
  5 hobgoblins
  7 kobolds
  6 quokkas
  4 frilled lizards
  2 rats
89 creatures vanquished.

Notes
Turn   | Place    | Note
-------+----------+-------------------------------------------
     0 | D:1      | Dirtsage the Octopode Transmuter began the quest for the
                  | Orb.
     0 | D:1      | Reached XP level 1. HP: 13/13 MP: 3/3
   141 | D:1      | Reached skill level 1 in Ice Magic
   141 | D:1      | Reached XP level 2. HP: 18/18 MP: 5/5
   188 | D:1      | Learned a level 2 spell: Wereblood
   621 | D:1      | Reached XP level 3. HP: 17/23 MP: 6/6
   952 | D:2      | Found Zisafeva's Magic Scroll Boutique.
   968 | D:2      | Found Yveus's Weapon Shoppe.
   974 | D:2      | Found Fopputun's Antique Armour Boutique.
  1501 | D:3      | Found a runed translucent door.
  1502 | D:3      | Noticed Crazy Yiuf
  1583 | D:3      | Reached XP level 4. HP: 23/28 MP: 7/7
  1594 | D:3      | Learned a level 4 spell: Ice Form
  1807 | D:3      | Found a broken altar of Ashenzari.
  2231 | D:3      | Killed Crazy Yiuf
  2232 | D:3      | Reached XP level 5. HP: 13/33 MP: 3/8
  2447 | D:4      | Reached XP level 6. HP: 34/38 MP: 4/9
  2593 | D:4      | Found a sparkling altar of Nemelex Xobeh.
  2606 | D:4      | Reached skill level 5 in Transmutations
  2649 | D:4      | Reached XP level 7. HP: 34/43 MP: 6/10
  2700 | D:4      | Reached skill level 5 in Ice Magic
  3024 | D:5      | Entered Level 5 of the Dungeon
  3064 | D:5      | Found a staircase to the Ecumenical Temple.
  3072 | Temple   | Entered the Ecumenical Temple
  3079 | Temple   | Became a worshipper of the Shining One
  3425 | D:5      | Reached XP level 8. HP: 48/48 MP: 7/11
  3483 | D:5      | Found a large runed translucent door.
  3483 | D:5      | Found a large runed translucent door.
  3485 | D:5      | Noticed Dirtsage's ghost (weakling DsDe)
  3623 | D:5      | You fall into a shaft and drop 1 floor!
  3644 | D:6      | Demolished by an ogre

Illustrated notes

Levels and vault maps discovered:
D:1:      wander_arrival_abandoned_jail, layout_basic, nrook_loot_triangle
D:2:      layout_loops_ring, serial_shops, shop,
          nicolae_shop_bloodbath_and_beyond, nicolae_shop_waterfront,
          grunt_ministairs_4
D:3:      layout_basic, evilmike_ruin_ashenzari, serial_glass, glass_columns_b,
          glass_columns_b, glass_columns_a, glass_columns_b,
          due_unseen_surprise, feat_on_display, minmay_strange_pillars,
          uniq_crazy_yiuf_cottage
D:4:      layout_rooms, mainiacjoe_overflow_six_doors_small
D:5:      layout_basic, minmay_temple_entry_wispy, ebering_ghost_disaster_area,
          nicolae_underground_beach
D:6:      layout_loops_ring, nicolae_overflow_hidden_temple,
          chequers_mini_garden, chequers_serial_rivers_micro_c
Temple:   nicolae_temple_no_exploring_needed

Skill      XL: |  1  2  3  4  5  6  7 |
---------------+----------------------+-----
Ice Magic      | 1 2 3 4 6 |  6.0
Transmutations | 3 4 5 6 |  6.4
Fighting       | |  1.0
Dodging        | |  2.0
Unarmed Combat | |  3.0
Spellcasting   | |  2.0

Action                   |  1- 3 |  4- 6 |  7- 9 || total
-------------------------+-------+-------+-------++-------
Melee: Unarmed           |   105 |    77 |    79 ||   261
       Tentacles         |    18 |    10 |     7 ||    35
       Constrict         |    18 |    11 |     5 ||    34
       Kick              |     4 |     7 |       ||    11
       Punch             |     1 |     1 |     1 ||     3
 Cast: Beastly Appendage |     3 |     2 |     1 ||     6
       Ice Form          |       |     5 |     6 ||    11
       Wereblood         |       |     1 |       ||     1
  Use: Potion            |       |     2 |       ||     2
 Stab: Sleeping          |     7 |     1 |     2 ||    10
       Distracted        |     1 |       |       ||     1
Armor: Skin              |     8 |    31 |    18 ||    57
Dodge: Dodged            |    54 |    34 |    34 ||   122

Table legend: (Time is in decaauts)
 A = Elapsed time spent in this place.
 B = Non-inter-level travel time spent in this place.
 C = Inter-level travel time spent in this place.
 D = Time resting spent in this place.
 E = Time spent auto-exploring this place.
 F = Levels seen in this place.
 G = Mean time per level.
                   A        B        C        D        E       F      G
               +--------+--------+--------+--------+--------+-----+--------+
         Total |   3627 |   3440 |    187 |      0 |   2781 |   7 |  518.1 |
       Dungeon |   3612 |   3431 |    181 |      0 |   2781 |   6 |  602.0 |
        Temple |     14 |      8 |      6 |      0 |      0 |   1 |   14.0 |
               +--------+--------+--------+--------+--------+-----+--------+

Top non-repeatable levels by time:
     D:3: 918 daAuts
     D:1: 793 daAuts
     D:4: 678 daAuts
     D:2: 620 daAuts
     D:5: 581 daAuts
     D:6: 20 daAuts
  Temple: 14 daAuts
